 Dungeon Crawl Stone Soup version 0.29.1-1-gd02db6906a (webtiles) character file.

Game seed: 7605884263080916667

34707 avis the Marksdemigod (level 13, -5/105 HPs)
             Began as a Demigod Ice Elementalist on Oct 19, 2022.
             Engulfed by a cloud of flame (10 damage)
             ... in a volcano.
             The game lasted 02:13:22 (18402 turns).

avis the Marksdemigod (Demigod Ice Elementalist)   Turns: 18402, Time: 02:13:22

Health: -5/105     AC: 10    Str:  9    XL:     13   Next: 13%
Magic:  14/22      EV: 20    Int: 26    God:
Gold:   1011       SH:  5    Dex: 33    Spells: 9/20 levels left

rFire   + . .      SeeInvis .   a - +7 shortbow "Ureohopo" {venom, rN+ Dex+3}
rCold   . . .      Faith    .   (shield currently unavailable)
rNeg    + . .      Spirit   .   v - +1 steam dragon scales
rPois   .          Reflect  +   x - +1 hat {Int+3}
rElec   .          Harm     .   (no cloak)
rCorr   .          Rampage  .   j - +0 pair of gloves
Will    +....                   i - +0 pair of boots
Stlth   ++++......              c - amulet of reflection
HPRegen 0.27/turn               t - ring of protection from fire
MPRegen 0.18/turn               l - +6 ring of intelligence

@: no status effects
A: high MP 1, forlorn, divine attributes
a: no special abilities


You were in a volcano.
You visited 3 branches of the dungeon, and saw 15 of its levels.
You also visited: Volcano.

You collected 1011 gold pieces.

Inventory:

Hand Weapons
 a - the +7 shortbow "Ureohopo" (weapon) {venom, rN+ Dex+3}
   (You found it on level 3 of the Lair of Beasts)

   Any ammunition fired from it poisons the flesh of those it strikes.
   Dex:       It affects your dexterity (+3).
   rN:        It protects you from negative energy.
 b - the +5 shortbow of Mywn {vorpal, Fly rElec Dex+2}
   (You found it on level 2 of the Dungeon)

   Any ammunition fired from it inflicts extra damage upon your enemies.
   Dex:       It affects your dexterity (+2).
   rElec:     It insulates you from electricity.
   Fly:       It grants you flight.
 w - a +1 falchion of freezing
 G - a +2 arbalest of flaming
 H - a +3 scimitar of flaming
 M - a +2 scimitar of flaming
Missiles
 s - 3 throwing nets
Armour
 i - a +0 pair of boots (worn)
 j - a +0 pair of gloves (worn)
 v - +1 steam dragon scales (worn)
 x - a +1 hat of intelligence (worn)
 B - a +0 buckler
Jewellery
 c - an amulet of reflection (around neck)
 e - a +4 ring of protection
 f - a ring of willpower
 l - a +6 ring of intelligence (right hand)
 t - a ring of protection from fire (left hand)
 J - a ring of ice
 P - a ring of resist corrosion
Wands
 g - a wand of polymorph (17)
 K - a wand of acid (6)
 O - a wand of charming (32)
Scrolls
 d - 6 scrolls of teleportation
 n - 4 scrolls of poison
 p - 3 scrolls of butterflies
 u - a scroll of immolation {unknown}
 y - 3 scrolls of blinking
 C - 2 scrolls of acquirement
 D - a scroll of enchant armour
 E - a scroll of magic mapping
 I - a scroll of torment {unknown}
 Q - 3 scrolls of amnesia
Potions
 h - a potion of flight
 k - 2 potions of might
 m - 7 potions of curing
 o - 2 potions of lignification
 q - 3 potions of magic
 r - 2 potions of cancellation
 z - a potion of attraction {unknown}
 F - 3 potions of heal wounds
 L - a potion of invisibility {unknown}
 R - a potion of ambrosia {unknown}
 T - 2 potions of berserk rage {unknown}
 U - a potion of resistance {unknown}
 Z - 2 potions of brilliance {unknown}
Miscellaneous
 A - a piece from Xom's chessboard (15/15)


   Skills:
 * Level 7.3 Fighting
 - Level 16.0 Ranged Weapons
 - Level 5.0 Armour
 - Level 7.0 Dodging
 - Level 5.0 Stealth
 - Level 4.0 Spellcasting
 - Level 4.0 Summonings
 - Level 3.0 Translocations
 - Level 5.0 Ice Magic


You had 9 spell levels left.
You knew the following spells:

 Your Spells              Type           Power      Damage    Failure   Level
b - Blink                 Tloc           40%        N/A       3%          2
d - Call Canine Familiar  Summ           26%        N/A       4%          3
o - Ozocubu's Armour      Ice            31%        N/A       3%          3
r - Frozen Ramparts       Ice            62%        1d10      3%          3

Your spell library contained the following spells:

 Spells                   Type           Power      Damage    Failure   Level
 Freeze                   Ice            100%       1d11      1%          1
 Summon Small Mammal      Summ           100%       N/A       1%          1
 Apportation              Tloc           40%        N/A       2%          1
 Call Imp                 Summ           26%        N/A       2%          2
 Gell's Gravitas          Tloc           20%        N/A       8%          3
 Magic Dart               Conj           20%        1d4       9%          1
 Summon Guardian Golem    Hex/Summ       15%        N/A       11%         3
 Poisonous Vapours        Pois/Air       10%        N/A       13%         2
 Searing Ray              Conj           10%        2d4       13%         2
 Mephitic Cloud           Conj/Pois/Air  5%         N/A       26%         3
 Hailstorm                Conj/Ice       18%        3d6       30%         4
 Animate Armour           Summ/Erth      30%        N/A       36%         4
 Manifold Assault         Tloc           20%        N/A       56%         5
 Corpse Rot               Necr/Pois/Air  5%         N/A       63%         4
 Fulminant Prism          Conj/Hex       2%         3d6       63%         4
 Leda's Liquefaction      Hex/Erth       2%         N/A       63%         4
 Petrify                  Tmut/Erth      5%         N/A       63%         4
 Metabolic Englaciation   Hex/Ice        9%         N/A       63%         5
 Iskenderun's Battlesphe  Conj           5%         2d6       93%         5
 Iron Shot                Conj/Erth      2%         9d2       100%        6
 Statue Form              Tmut/Erth      3%         N/A       100%        6
 Spellforged Servitor     Conj/Summ      7%         N/A       100%        7
 Storm Form               Tmut/Air       2%         N/A       100%        7


Dungeon Overview and Level Annotations

Branches:
Dungeon (10/15)            Temple (1/1) D:7            Lair (4/5) D:10
  Swamp (0/4) Lair:3       Spider (0/4) Lair:2        Slime (0/5) Lair:4
Volcano (1/1)
    Orc: D:9-12

Shops:
D:4 (   D:9 (

Annotations:
D:5 2 transporters, 1 runed translucent door, exclusion: door, quakins's ghost, novice FoAK


Innate Abilities, Weirdness & Mutations

You have an increased reservoir of magic. (+10% MP)
You shall have no god before yourself.
Your divine heritage dramatically boosts your attributes as you level up.


Message History

Press: ? - help, Q - select action, (/) - cycle Shift-Dir - straight line, f/p - efreet
Aim: an efreet, wielding a +2 scimitar of flaming (flame, almost dead, 88% to hit)
You shoot an arrow. The arrow hits the efreet!
You kill the efreet!
You are engulfed in blazing flames.
You resist.
The fire elemental is frozen!
The wall freezes the fire elemental.
The heat melts your icy armour.
Fire: a) +7 shortbow "Ureohopo" {venom, rN+ Dex+3}
Press: ? - help, Q - select action, (/) - cycle Shift-Dir - straight line, f - fire elemental
Aim: a fire elemental (flame, severely damaged, 75% to hit)
You shoot an arrow. The arrow hits the fire elemental.
The fire elemental is severely damaged.
You are engulfed in blazing flames.
You resist.
The fire elemental is frozen!
The wall freezes the fire elemental.
The fire elemental hits you. The fire elemental burns you!
Your icy armour melts away.
You resist. The heat melts your icy armour.
Fire: a) +7 shortbow "Ureohopo" {venom, rN+ Dex+3}
Press: ? - help, Q - select action, (/) - cycle Shift-Dir - straight line, f/p - fire elemental
Aim: a fire elemental (flame, almost destroyed, 75% to hit)
You shoot an arrow. The arrow hits the fire elemental.
The fire elemental is almost destroyed.
You are engulfed in blazing flames.
You resist.
The fire elemental is frozen!
The wall freezes the fire elemental!
You destroy the fire elemental!
The frozen ramparts melt away as you move.
You are engulfed in blazing flames.
You resist.
You see here a +2 scimitar of flaming.
M - a +2 scimitar of flaming You are engulfed in blazing flames.
You resist.
* * * LOW HITPOINT WARNING * * *
You close the door.
You are engulfed in blazing flames.
You resist.
* * * LOW HITPOINT WARNING * * *
You open the door.
You are engulfed in blazing flames.
You resist.
* * * LOW HITPOINT WARNING * * *
There is an open door here.
You start resting.
You are engulfed in blazing flames.
You resist.
You die...

#### ##..## #.§§§# ###
##.≈≈§## ## ##°##
#.≈§≈§.# #.## #°°°##
##.§§§≈.## #.§§##
.§°°§###.§≈§≈≈≈.# #§≈≈≈§#
§§§§≈.##.§§≈≈≈≈.##§≈§≈≈§+
≈§≈≈°≈.'###≈#≈≈#@§§§§§§≈#
≈≈°°≈#### #########≈§§§≈#
#≈≈###.+ ##### #####.##
.###.## #...## ##.## ###


There were no monsters in sight!

Vanquished Creatures
  7 hydras
  A two-headed ogre (D:6)
  6 death yaks (Lair:3)
  A lindwurm (Lair:4)
  A molten gargoyle (Volcano)
  10 elephants
  5 cane toads
  2 efreet (Volcano)
  3 rime drakes
  4 komodo dragons
  2 polar bears
  A tyrant leech (Lair:3)
  A troll (D:10)
  A hornet (D:9)
  6 blink frogs
  6 dream sheep (Lair:4)
  2 jumping spiders (Lair:2)
  A shadow (D:9)
  3 wyverns
  6 fire elementals (Volcano)
  27 yaks
  Grum (D:8)
  2 steam dragons
  4 basilisks
  A redback (Lair:2)
  Edmund (D:5)
  2 acid dragons
  9 water moccasins
  An ice beast (D:7)
  2 sky beasts
  6 black bears
  2 ogres (D:6)
  18 wolves
  2 centaurs
  2 phantoms
  2 kobold brigands (D:9)
  16 bullfrogs
  An earth elemental (Volcano)
  A necrophage (D:6)
  2 gnoll sergeants
  5 scorpions
  7 wights
  9 killer bees (D:9)
  5 electric eels (Lair:2)
  6 howler monkeys
  3 hounds
  2 jellies
  2 gnoll boudas
  6 orc priests
  3 iguanas
  8 orc wizards
  5 adders
  19 gnolls
  A shadow imp (D:6)
  3 white imps
  An ufetubus (D:6)
  3 worms (D:2)
  7 dart slugs
  20 orcs
  5 ball pythons
  3 bats
  4 endoplasms
  7 giant cockroaches
  8 goblins
  5 hobgoblins
  3 jackals (D:3)
  16 kobolds
  3 quokkas
  5 frilled lizards
  3 rats
  2 fire vortices (Volcano)
350 creatures vanquished.

Vanquished Creatures (collateral kills)
  Gastronok (D:8)
1 creature vanquished.

Vanquished Creatures (others)
  17 fungi
  79 plants
96 creatures vanquished.

Grand Total: 447 creatures vanquished

Notes
Turn   | Place    | Note
-------+----------+-------------------------------------------
     0 | D:1      | avis the Demigod Ice Elementalist began the quest for the
                  | Orb.
     0 | D:1      | Reached XP level 1. HP: 14/14 MP: 5/5
   194 | D:1      | Reached skill level 1 in Fighting
   376 | D:1      | Reached XP level 2. HP: 23/23 MP: 4/7
  1309 | D:2      | Reached XP level 3. HP: 25/29 MP: 8/8
  1592 | D:2      | Learned a level 3 spell: Ozocubu's Armour
  1752 | D:2      | Identified the +5 shortbow of Mywn {vorpal, Fly rElec
                  | Dex+2}
  2007 | D:2      | Reached XP level 4. HP: 35/36 MP: 10/10
  2219 | D:3      | Learned a level 3 spell: Frozen Ramparts
  2494 | D:3      | Reached skill level 1 in Ranged Weapons
  2998 | D:4      | Noticed a black bear
  3004 | D:4      | Killed a black bear
  3005 | D:4      | Reached skill level 2 in Ranged Weapons
  3005 | D:4      | Reached XP level 5. HP: 41/41 MP: 12/12
  3123 | D:4      | Found Gezxulox's Weapon Shoppe.
  3201 | D:4      | Noticed a black bear
  3313 | D:4      | Killed a black bear
  3314 | D:4      | Reached skill level 5 in Ice Magic
  3314 | D:4      | Reached XP level 6. HP: 48/48 MP: 13/13
  3431 | D:4      | Reached skill level 3 in Ranged Weapons
  3669 | D:5      | Entered Level 5 of the Dungeon
  3732 | D:5      | Reached skill level 4 in Ranged Weapons
  3863 | D:5      | Noticed quakins's ghost (novice FoAK)
  3863 | D:5      | Found a transporter.
  3887 | D:5      | Noticed Edmund
  3900 | D:5      | Killed Edmund
  3901 | D:5      | Reached XP level 7. HP: 55/55 MP: 16/16
  3997 | D:5      | Found a transporter.
  4161 | D:5      | Reached skill level 5 in Ranged Weapons
  4196 | D:5      | Found a runed translucent door.
  4490 | D:6      | Learned a level 3 spell: Call Canine Familiar
  4546 | D:6      | Reached skill level 6 in Ranged Weapons
  4623 | D:6      | Reached skill level 1 in Summonings
  4707 | D:6      | Noticed a two-headed ogre
  4720 | D:6      | Killed a two-headed ogre
  4721 | D:6      | Reached skill level 8 in Ranged Weapons
  4721 | D:6      | Reached XP level 8. HP: 62/62 MP: 10/17
  4910 | D:6      | Identified the +4 spear of Sibbaschi {protect, rElec MP+9
                  | Int-4 Stlth+}
  5027 | D:6      | Reached skill level 9 in Ranged Weapons
  5032 | D:6      | Reached XP level 9. HP: 62/69 MP: 11/18
  6148 | D:7      | Found a staircase to the Ecumenical Temple.
  6154 | Temple   | Entered the Ecumenical Temple
  6725 | D:7      | Reached skill level 10 in Ranged Weapons
  7371 | D:8      | Noticed Gastronok
  7392 | D:8      | Killed Gastronok
  7393 | D:8      | Reached skill level 11 in Ranged Weapons
  7393 | D:8      | Reached XP level 10. HP: 76/78 MP: 4/19
  7833 | D:8      | Reached skill level 12 in Ranged Weapons
  8221 | D:8      | Noticed Grum
  8231 | D:8      | Killed Grum
  8425 | D:9      | Reached skill level 5 in Fighting
  8719 | D:9      | Reached skill level 13 in Ranged Weapons
  9329 | D:9      | Found Luluem's Weapon Shop.
  9353 | D:9      | Learned a level 2 spell: Blink
 10127 | D:9      | Identified the +0 ring mail of Zin's Felicitations {rN+
                  | rCorr}
 10279 | D:10     | Entered Level 10 of the Dungeon
 10491 | D:10     | Reached skill level 1 in Translocations
 10614 | D:10     | Noticed an elephant
 10633 | D:10     | Killed an elephant
 10638 | D:10     | Reached XP level 11. HP: 85/86 MP: 13/20
 10693 | D:10     | Found a staircase to the Lair.
 11194 | D:10     | Reached skill level 14 in Ranged Weapons
 11567 | Lair:1   | Entered Level 1 of the Lair of Beasts
 12235 | Lair:1   | Noticed an eight-headed hydra
 12248 | Lair:1   | Killed an eight-headed hydra
 12251 | Lair:1   | Reached skill level 15 in Ranged Weapons
 13394 | Lair:2   | Found a hole to the Spider Nest.
 13630 | Lair:2   | Noticed a seven-headed hydra
 13640 | Lair:2   | Killed a seven-headed hydra
 14124 | Lair:2   | Noticed a five-headed hydra
 14131 | Lair:2   | Reached skill level 16 in Ranged Weapons
 14135 | Lair:2   | Reached XP level 12. HP: 94/94 MP: 15/21
 14197 | Lair:2   | Killed a five-headed hydra
 15210 | Lair:3   | Reached skill level 5 in Dodging
 15214 | Lair:3   | Reached skill level 1 in Armour
 15567 | Lair:3   | Reached skill level 5 in Armour
 16049 | Lair:3   | Identified the +5 mace of Putrescence {venom, Stlth+}
 16052 | Lair:3   | Identified the +7 shortbow "Ureohopo" {venom, rN+ Dex+3}
 16171 | Lair:3   | Noticed a seven-headed hydra
 16182 | Lair:3   | Killed a seven-headed hydra
 16226 | Lair:3   | Noticed a six-headed hydra
 16233 | Lair:3   | Killed a six-headed hydra
 16390 | Lair:3   | Noticed a seven-headed hydra
 16397 | Lair:3   | Killed a seven-headed hydra
 16597 | Lair:3   | Got the Volume of Autotheism
 17250 | Lair:3   | Found a staircase to the Swamp.
 17617 | Lair:4   | Reached skill level 5 in Stealth
 17748 | Lair:4   | Noticed a five-headed hydra
 17760 | Lair:4   | Killed a five-headed hydra
 17764 | Lair:4   | Noticed a six-headed hydra
 17783 | Lair:4   | Identified 3 scrolls of acquirement
 17783 | Lair:4   | Acquired a +2 arbalest of flaming
 17926 | Lair:4   | Reached XP level 13. HP: 58/105 MP: 16/22
 17969 | Lair:4   | Found a dark tunnel.
 17978 | Volcano  | Entered a volcano
 18395 | Volcano  | HP: 3/105 [something (15)]
 18402 | Volcano  | Engulfed by a cloud of flame

Illustrated notes

Levels and vault maps discovered:
D:1:      dpeg_arrival_renting, layout_basic,
          shapermc_ecumenical_altar_acropolis, minmay_close_crescents
D:2:      layout_basic, minmay_vboxes
D:3:      layout_basic, grunt_ministairs_9, st_stairs_11
D:4:      layout_rooms, grunt_temple_overflow_opulence,
          lemuel_coloured_pillars_altar, serial_shops, nicolae_stop_n_shop_1
D:5:      layout_rooms, nicolae_overflow_quartered_altars,
          gammafunk_ghost_arena, water_maze_lemuel, uniq_edmund,
          uniq_crazy_yiuf_cottage
D:6:      layout_rooms, mainiacjoe_overflow_catch_the_wave,
          hangedman_decor_push, minmay_chambers_of_fives
D:7:      layout_layer_cave, minmay_temple_entry_enclosed_plants, minivault_23
D:8:      layout_gridville, uniq_gastronok, uniq_grum
D:9:      layout_grid_maze, serial_shops, shop, hangedman_decor_riveting
D:10:     layout_roguey, david_lair_generic
Temple:   cyrus_circular_temple
Lair:1:   layout_regular_city, grunt_megastairs_1
Lair:2:   layout_regular_city, spider_nest_entry_a, serial_bayou,
          serial_bayou_lagoon_a, serial_bayou_crossing, serial_bayou_pond_a,
          serial_bayou_lagoon_b, minmay_hedge_maze, grunt_forest_small_clearings
Lair:3:   layout_cellular_growth, palyth_hydra_swamp_entry, grunt_megastairs_2
Lair:4:   layout_cave_pods, minmay_slime_entry_oklob_enclosed,
          nicolae_volcano_entry_hallway, chequers_serial_rivers_room_b,
          chequers_serial_rivers_micro_b, lemuel_fruit_fields,
          grunt_megastairs_3, lemuel_fruit_fields
Volcano:  volcano_aerie

Skill      XL: |  1  2  3  4  5  6  7  8  9 10 11 12 13 |
---------------+----------------------------------------+-----
Fighting       | 1 2 3 4 5 7 |  7.3
Stealth        | 2 5 |  5.0
Ice Magic      | 4 5 |  5.0
Spellcasting   | 2 3 4 |  4.0
Dodging        | 2 6 7 |  7.0
Ranged Weapons | 2 4 8 9 11 13 16 | 16.0
Summonings     | 2 3 4 |  4.0
Translocations | 2 3 |  3.0
Armour         | 5 |  5.0

Action                   |  1- 3 |  4- 6 |  7- 9 | 10-12 | 13-15 || total
-------------------------+-------+-------+-------+-------+-------++-------
Melee: Spear             |    37 |       |       |       |       ||    37
       Punch             |     1 |       |       |       |       ||     1
 Fire: Shortbow          |    11 |    86 |   154 |   602 |    68 ||   921
 Cast: Freeze            |    42 |       |       |       |       ||    42
       Ozocubu's Armour  |       |     9 |    22 |    75 |     5 ||   111
       Frozen Ramparts   |       |     2 |    23 |    63 |     5 ||    93
       Call Canine Famil |       |       |     1 |       |       ||     1
       Blink             |       |       |       |     2 |       ||     2
  Use: Scroll            |       |       |     5 |     9 |       ||    14
       Potion            |       |       |     1 |     1 |       ||     2
 Stab: Sleeping          |     8 |       |       |       |       ||     8
Armor: Robe              |     2 |     5 |    20 |    21 |       ||    48
       Acid dragon scale |       |       |       |    66 |       ||    66
       Steam dragon scal |       |       |       |    28 |     8 ||    36
Dodge: Dodged            |    23 |    10 |    30 |   208 |    15 ||   286
Block: Other             |       |       |       |    58 |     1 ||    59
